 Dungeon Crawl Stone Soup version 0.29.1-debian-4-g95531337e3 (webtiles) character file.

Game seed: 515054907626319085

695 BlueGoblin the Reanimator (level 7, 0/72 HPs)
             Began as a Demonspawn Necromancer on Sept 13, 2022.
             Was an Initiate of Dithmenos.
             Slain by a wraith (11 damage)
             ... on level 5 of the Dungeon.
             The game lasted 00:13:15 (4671 turns).

BlueGoblin the Reanimator (Demonspawn Necromancer)  Turns: 4671, Time: 00:13:15

Health: 0/72       AC:  7    Str: 12    XL:     7   Next: 37%
Magic:  0/13       EV: 13    Int: 16    God:    Dithmenos [......]
Gold:   158        SH:  0    Dex: 19    Spells: 7/14 levels left

rFire   + . .      SeeInvis .   a - staff of death
rCold   + . .      Faith    .   (no shield)
rNeg    + + .      Spirit   +   g - +1 robe of the Stars {rF+ Str+4 Dex+3 Slay-2}
rPois   .          Reflect  .   (no helmet)
rElec   .          Harm     .   n - +0 cloak
rCorr   .          Rampage  .   (no gloves)
Will    .....                   m - +0 pair of boots
Stlth   ..........              k - amulet of guardian spirit
HPRegen 0.22/turn               d - ring of protection from cold
MPRegen 0.26/turn               l - ring of positive energy

@: berserking, slowed
A: yellow scales 1, magic regeneration, demonic magic 1
a: Renounce Religion


You were on level 5 of the Dungeon.
You worshipped Dithmenos.
Dithmenos was noncommittal.
You visited 1 branch of the dungeon, and saw 6 of its levels.

You collected 158 gold pieces.

Inventory:

Hand Weapons
 b - a +1 sling of flaming
 o - a +0 dagger
Armour
 e - a +0 robe
 g - the +1 robe of the Stars (worn) {rF+ Str+4 Dex+3 Slay-2}
   (You found it on level 3 of the Dungeon)

   Str:       It affects your strength (+4).
   Dex:       It affects your dexterity (+3).
   Slay:      It affects your accuracy & damage with ranged weapons and melee
   (-2).
   rF:        It protects you from fire.
 m - a +0 pair of boots (worn)
 n - a +0 cloak (worn)
Magical Staves
 a - a staff of death (weapon)
Jewellery
 d - a ring of protection from cold (left hand)
 k - an amulet of guardian spirit (around neck)
 l - a ring of positive energy (right hand)
Wands
 f - a wand of charming (10)
Scrolls
 h - 2 scrolls of butterflies
 j - 6 scrolls of identify
 q - 2 scrolls of enchant weapon
 u - 2 scrolls of teleportation
Potions
 r - a potion of mutation {unknown}
 t - a potion of brilliance {unknown}


   Skills:
 + Level 1.4 Fighting
 + Level 2.5 Dodging
 - Level 1.7 Stealth
 + Level 4.3 Spellcasting
 - Level 8.2 Necromancy


You had 7 spell levels left.
You knew the following spells:

 Your Spells              Type           Power      Damage    Failure   Level
a - Vampiric Draining     Necr           44%        2d9       1%          3
q - Necrotise             Necr           100%       1d9       1%          1
s - Confusing Touch       Hex            3%         N/A       43%         3

Your spell library contained the following spells:

 Spells                   Type           Power      Damage    Failure   Level
 Animate Dead             Necr           44%        N/A       5%          4
 Slow                     Hex            12%        N/A       16%         1
 Agony                    Necr           44%        N/A       16%         5
 Freezing Cloud           Conj/Ice/Air   1%         6-21      99%         5
 Simulacrum               Ice/Necr       12%        N/A       99%         6
 Polar Vortex             Ice            1%         N/A       100%        9


Dungeon Overview and Level Annotations

Branches:
Dungeon (6/15)
 Temple: D:4-7

Altars:
Dithmenos
Xom

Shops:
D:5 *

Annotations:
D:5 Grinder


Innate Abilities, Weirdness & Mutations

You are partially covered in yellow scales. (AC +2)
You regenerate magic rapidly.
Spells you cast may paralyse adjacent enemies.


Message History

Aim: a wraith (moderately damaged, not susceptible)
You feel a surge of power!
The wraith is unaffected.
Malevolent energies surge around you. The wraith hits you!
* * * LOW HITPOINT WARNING * * *
The wraith drains your vigour!
You feel as though you will be slow longer.
Unknown command.
Casting: Necrotise (safe; 1% risk of failure)
Confirm with . or Enter, or press ? or * to list all spells.
Aiming: Necrotise (safe; 1% risk of failure)
Press: ? - help, Shift-Dir - straight line, f/p - wraith
Aim: a wraith (moderately damaged, not susceptible)
You feel a surge of power!
The wraith is unaffected.
Malevolent energies surge around you. The wraith hits you.
* * * LOW HITPOINT WARNING * * *
The wraith drains your vigour!
You feel as though you will be slow longer.
The wraith hits you.
* * * LOW HITPOINT WARNING * * *
Unknown command.
Casting: Necrotise (safe; 1% risk of failure)
Confirm with . or Enter, or press ? or * to list all spells.
Aiming: Necrotise (safe; 1% risk of failure)
Press: ? - help, Shift-Dir - straight line, f/p - wraith
Aim: a wraith (moderately damaged, not susceptible)
You feel a surge of power!
The wraith is unaffected.
Malevolent energies surge around you. The wraith barely misses you.
Casting: Necrotise (safe; 1% risk of failure)
Confirm with . or Enter, or press ? or * to list all spells.
Aiming: Necrotise (safe; 1% risk of failure)
Press: ? - help, Shift-Dir - straight line, f/p - wraith
Aim: a wraith (moderately damaged, not susceptible)
You feel a surge of power!
The wraith is unaffected.
Malevolent energies surge around you.
The wraith suddenly stops moving!
The wraith is no longer paralysed.
There is a stone staircase leading up here.
It was a potion of berserk rage.
A red film seems to cover your vision as you go berserk!
You feel yourself moving faster!
You feel mighty! The wraith hits you!
You die...

## .. ##.#####
##......########..
#................#
......#.##..#####
##... #.##W.# #..
#.##@.##### #(
#.........# ..
####..###.# # #..#
#..# #... ## #.#(#
#. #.#.# #. #....


You could see a wraith.

Vanquished Creatures
  Sigmund (D:2)
  An ogre (D:4)
  A phantom (D:5)
  A scorpion (D:4)
  2 hounds (D:4)
  2 iguanas (D:4)
  Natasha (thrice) (D:2)
  4 gnolls
  3 adders
  A worm (D:4)
  A dart slug (D:3)
  3 orcs
  3 endoplasms
  2 goblins
  4 hobgoblins
  7 kobolds
  2 quokkas
  9 ball pythons
  9 bats
  2 frilled lizards (D:2)
  4 rats
65 creatures vanquished.

Vanquished Creatures (collateral kills)
  A goblin (D:1)
  A kobold (D:4)
2 creatures vanquished.

Grand Total: 67 creatures vanquished

Notes
Turn   | Place    | Note
-------+----------+-------------------------------------------
     0 | D:1      | BlueGoblin the Demonspawn Necromancer began the quest for
                  | the Orb.
     0 | D:1      | Reached XP level 1. HP: 13/13 MP: 3/3
    96 | D:1      | Found a faded altar of an unknown god.
   285 | D:1      | Gained mutation: You are partially covered in yellow
                  | scales. (AC +2) [demonic ancestry]
   285 | D:1      | Reached XP level 2. HP: 19/19 MP: 3/5
   339 | D:1      | Reached skill level 5 in Necromancy
  1075 | D:2      | Gained mutation: Spells you cast may paralyse adjacent
                  | enemies. [demonic ancestry]
  1075 | D:2      | Reached XP level 3. HP: 24/24 MP: 6/6
  1131 | D:2      | Noticed Natasha
  1141 | D:2      | Killed Natasha
  1149 | D:2      | Noticed Natasha
  1287 | D:2      | Killed Natasha
  1288 | D:2      | Reached skill level 6 in Necromancy
  1288 | D:2      | Gained mutation: You regenerate magic rapidly. [demonic
                  | ancestry]
  1288 | D:2      | Reached XP level 4. HP: 30/30 MP: 3/7
  1321 | D:2      | Noticed Natasha
  1326 | D:2      | Killed Natasha
  1664 | D:2      | Reached XP level 5. HP: 36/36 MP: 5/8
  1777 | D:2      | Noticed Sigmund
  1783 | D:2      | Killed Sigmund
  1784 | D:2      | Reached skill level 1 in Fighting
  1784 | D:2      | Reached skill level 7 in Necromancy
  1784 | D:2      | Reached XP level 6. HP: 39/43 MP: 4/9
  2322 | D:3      | Identified the +1 robe of the Stars {rF+ Str+4 Dex+3
                  | Slay-2}
  2386 | D:3      | Learned a level 3 spell: Vampiric Draining
  2390 | D:3      | Learned a level 3 spell: Confusing Touch
  3367 | D:4      | Reached skill level 8 in Necromancy
  3736 | D:4      | Reached XP level 7. HP: 48/48 MP: 6/12
  3812 | D:4      | Found a shimmering altar of Xom.
  4101 | D:4      | You fall into a shaft and drop 2 floors!
  4137 | D:5      | Entered Level 5 of the Dungeon
  4186 | D:5      | Found a shadowy altar of Dithmenos.
  4236 | D:5      | Became a worshipper of Dithmenos the Shadowed
  4341 | D:5      | Found Guang's Assorted Antiques.
  4361 | D:5      | Noticed Grinder
  4621 | D:5      | Noticed a wraith
  4671 | D:5      | Slain by a wraith

Illustrated notes

Levels and vault maps discovered:
D:1:      beargit_arrival_diablo_church, layout_basic,
          hellmonk_ecumenical_altar_prayer_group, minmay_stone_trees_small
D:2:      layout_basic, uniq_natasha, uniq_sigmund
D:3:      layout_basic, chequers_serial_rivers_micro_c
D:4:      layout_loops_ring, marbit_many_paths
D:5:      layout_loops_ring, grunt_dithmenos_shadows, serial_shops,
          shop_fountains, st_stairs_7, uniq_grinder
D:6:      minmay_spotlight, layout_rooms, nicolae_ossuary_entry_catacombs,
          uniq_eustachio

Skill      XL: |  1  2  3  4  5  6  7 |
---------------+----------------------+-----
Necromancy     | 5 6 7 8 |  8.2
Dodging        | 2 |  2.5
Fighting       | 1 |  1.4
Spellcasting   | 3 4 |  4.3
Stealth        | |  1.7

Action                   |  1- 3 |  4- 6 |  7- 9 || total
-------------------------+-------+-------+-------++-------
Melee: Dagger            |     6 |    20 |       ||    26
       Staff             |       |     7 |    18 ||    25
       Punch             |       |     1 |       ||     1
 Fire: Sling             |     8 |     3 |     8 ||    19
 Cast: Necrotise         |    33 |    79 |    22 ||   134
       Vampiric Draining |       |       |     3 ||     3
       Confusing Touch   |       |       |     1 ||     1
Evoke: Wand              |       |       |     4 ||     4
  Use: Scroll            |     3 |     6 |     2 ||    11
       Potion            |       |       |     7 ||     7
 Stab: Paralysed         |       |     6 |     2 ||     8
Armor: Robe              |     7 |     9 |    15 ||    31
Dodge: Dodged            |    18 |    33 |    39 ||    90
